Map: Abiogenesis LE

Players

fruitcake - Winner!

  • Race: Terran Terran
  • Spawn Location: 5:00

RICARDO

  • Race: Terran Terran
  • Spawn Location: 11:00

VOD

Have the link to the VOD?

Description

Time

  • Played on: May 10, 2018, 5:26 p.m.
  • Length: 7:38
Show
View Real Time Build Order
Export as new Build Order

fruitcake Terran - Winner!

Build Orders:  

Get SALT Encoding   

  12  0:00  SCV  
  13  0:13  Supply Depot  
  13  0:22  SCV  
  13  0:26  Refinery  
  14  0:34  SCV  
  15  0:46  SCV  
  15  0:49  Barracks  
  16  0:58  SCV  
  17  1:10  SCV  
  18  1:14  Supply Depot  
  18  1:15  Refinery  
  18  1:37  Marine  
  19  1:55  Marine  
  20  2:13  Marine  
  21  2:31  Marine  
  22  2:48  Marine  
  23  3:01  Command Center  
  23  3:03  SCV  
  24  3:06  Marine  
  25  3:15  SCV  
  26  3:27  Barracks Reactor  
  26  3:28  SCV  
  26  3:29  Factory  
  26  3:40  SCV  
  27  3:43  Barracks  
  27  3:56  SCV  
  28  4:03  Marine x2  
  28  4:09  Engineering Bay  
  30  4:15  Supply Depot  
  30  4:16  Factory Tech Lab  
  30  4:21  Marine x2  
  32  4:25  SCV  
  32  4:30  SCV  
  34  4:36  Terran Infantry Weapons Level 1  
  34  4:43  SCV  
  35  4:51  Barracks Tech Lab  
  35  4:52  Marine  
  36  4:53  Marine  
  36  4:55  SCV  
  36  4:59  Siege Tank  
  41  5:08  Orbital Command  
  41  5:14  Stimpack  
  41  5:24  Marine x2, Marauder  
  41  5:27  SCV  
  46  5:35  Siege Tank  
  49  5:40  SCV  
  49  5:42  Marine, SCV  
  52  5:49  Refinery  
  52  5:51  Refinery  
  52  5:52  SCV  
  53  5:57  Marine  
  54  6:07  Supply Depot  
  54  6:12  Supply Depot  
  54  6:28  Marine x2  
  54  6:29  SCV, Siege Tank  
  60  6:33  Marine  
  61  6:45  SCV  
  61  6:46  Marine  
  65  6:47  Marauder  
  65  6:50  Marine  
  66  6:57  SCV  
  67  7:04  Marine  
  70  7:08  Marauder  
Show
View Real Time Build Order
Export as new Build Order

RICARDO Terran 

Build Orders:  

Get SALT Encoding   

  12  0:00  SCV  
  13  0:13  SCV  
  14  0:25  SCV  
  14  0:26  Supply Depot  
  15  0:35  Supply Depot  
  15  0:47  SCV  
  16  0:55  Barracks  
  16  1:05  Barracks  
  16  1:09  SCV  
  17  1:22  SCV  
  18  1:34  SCV  
  19  1:42  Marine  
  19  1:46  SCV  
  18  2:14  SCV  
  19  2:17  Barracks  
  19  2:18  Barracks  
  19  2:26  SCV  
  20  2:42  Refinery  
  20  2:45  Refinery  
  20  2:46  SCV  
  21  2:52  Supply Depot  
  21  2:56  Supply Depot  
  21  2:58  SCV  
  22  3:05  Marine x2  
  22  3:09  Supply Depot  
  22  3:10  SCV  
  25  3:22  SCV  
  25  3:23  Marine x2  
  28  3:34  SCV  
  28  3:39  Barracks  
  29  3:46  SCV  
  30  3:50  Bunker  
  30  4:00  Bunker  
  30  4:02  Bunker  
  30  4:07  Marine x2  
  32  4:16  Command Center  
  32  4:25  Marine x2  
  32  4:30  Engineering Bay  
  34  4:32  Barracks Reactor  
  34  4:41  Orbital Command  
  34  4:43  Barracks Tech Lab  
  34  4:58  Barracks Reactor  
  34  5:01  Engineering Bay  
  34  5:19  Missile Turret  
  34  5:24  Missile Turret  
  34  5:30  SCV  
  34  5:33  SCV  
  36  5:40  Missile Turret x2  
  36  5:41  Missile Turret  
  36  5:42  SCV  
  37  5:44  Missile Turret  
  37  5:45  SCV  
  38  5:52  Neosteel Frame  
  38  5:54  SCV  
  40  5:57  SCV  
  40  6:01  Missile Turret  
  40  6:07  SCV  
  40  6:09  SCV  
  42  6:12  Missile Turret  
  42  6:23  Refinery  
  42  6:29  Refinery  
  42  6:45  SCV  
  43  6:47  SCV  
  44  7:04  Marine x2  
  44  7:05  Marine x2  
  48  7:17  Marine  
Tags
 
Add a new tag
Caveats
  • Supply blocks, unpowered buildings, or Contaminate may cause inaccurate times.
  • Supply counts are checked every 10 seconds.